 Dungeon Crawl Stone Soup version 0.18.1-48-g4cf74bf (webtiles) character file.

75 Melfield the Skirmisher (level 4, 0/40 HPs)
             Began as a Draconian Berserker on Aug 12, 2016.
             Was a Believer of Trog.
             Succumbed to an adder's poison
             ... on level 2 of the Dungeon.
             The game lasted 00:05:55 (2228 turns).

Melfield the Skirmisher (Draconian Berserker)       Turns: 2228, Time: 00:05:56

Health: 0/40       AC:  5    Str: 19    XL:     4   Next: 11%
Magic:  4/4        EV: 13    Int:  8    God:    Trog [**....]
Gold:   31         SH:  0    Dex: 11    Spells: 0 memorised, 3 levels left

rFire  . . .     SeeInvis .     a - +0 mace
rCold  . . .     Gourm    .     (armour unavailable)
rNeg   . . .     Faith    .     (no shield)
rPois  .         Spirit   .     (helmet restricted)
rElec  .         Dismiss  .     (no cloak)
rCorr  .         Reflect  .     (no gloves)
SustAt .         Harm     .     (no boots)
MR     .....                    (no amulet)
Stlth  +.........               (no ring)
                                (no ring)

@: lethally poisoned (0 -> -6), exhausted, slowed, very slow, not resistant to
hostile enchantments, very unstealthy
A: unfitting armour, cold-blooded, AC +5
a: Berserk, Trog's Hand, Burn Spellbooks, Renounce Religion


You were on level 2 of the Dungeon.
You worshipped Trog.
Trog was pleased with you.
You were not hungry.

You visited 1 branch of the dungeon, and saw 2 of its levels.

You collected 31 gold pieces.

Inventory:

Hand Weapons
 a - a +0 mace (weapon)
Scrolls
 e - 2 scrolls of enchant weapon {unknown}
 h - a scroll of fog {unknown}
 j - a scroll of remove curse {unknown}
 n - a scroll of immolation {unknown}
 o - a scroll of teleportation {unknown}
Potions
 c - a potion of curing
 g - a potion of might {unknown}
 i - a potion of heal wounds {unknown}
 k - a potion of resistance {unknown}
 l - 2 potions of magic
 m - a potion of invisibility {unknown}
Comestibles
 b - a bread ration


   Skills:
 + Level 4.2 Fighting
 + Level 3.5 Maces & Flails
 + Level 3.4 Dodging
 + Level 0.4 Stealth


You had 3 spell levels left.
You didn't know any spells.

Dungeon Overview and Level Annotations

Branches:
Dungeon (2/15)

Altars:
Ashenzari
Cheibriados
Elyvilon
Kikubaaqudgha
Nemelex Xobeh
Pakellas
Qazlal
Ru
Trog


Innate Abilities, Weirdness & Mutations

Your plain brown scales are hard (AC +5).
Your body does not fit into most forms of armour.
You are cold-blooded and may be slowed by cold attacks.


Message History

You feel sick.
There is a lethal amount of poison in your body!
There is a lethal amount of poison in your body!
There is a lethal amount of poison in your body!
There is a lethal amount of poison in your body!
* * * LOW HITPOINT WARNING * * *
You feel sick.
You feel a strong urge to attack something.
You are no longer berserk.
You are exhausted.
You feel yourself slow down.
* * * LOW HITPOINT WARNING * * *
You feel sick.
* * * LOW HITPOINT WARNING * * *
You feel sick.
* * * LOW HITPOINT WARNING * * *
You feel sick.
* * * LOW HITPOINT WARNING * * *
You feel sick.
You die...

#....# #.# #.# #
#....###.# #.# #
#......#.#
#.#########
#......#.#
#..........
#......#.#
#.#########
#......#.# #..
##..†..'.# #.##
#.....### #.#
##### #####@#
#.# #.... #.#
#.# #.... #.#
#+# #.... . #.#
#....
...#####.##
#....
..........####..
#....
##...†.........
#####
....##########..
.#.


There were no monsters in sight!

Vanquished Creatures
  4 adders (D:2)
  A worm (D:2)
  4 bats
  3 goblins (D:1)
  5 hobgoblins (D:1)
  5 jackals (D:1)
  A quokka (D:2)
  4 giant newts
  7 kobolds
  A rat (D:1)
35 creatures vanquished.

Notes
Turn   | Place    | Note
--------------------------------------------------------------
     0 | D:1      | Melfield the Draconian Berserker began the quest for the Orb.
     0 | D:1      | Reached XP level 1. HP: 19/19 MP: 1/1
   115 | D:1      | Reached XP level 2. HP: 27/27 MP: 2/2
   315 | D:1      | Reached ** piety under Trog
   897 | D:2      | Reached XP level 3. HP: 9/33 MP: 3/3
   912 | D:2      | Found a snail-covered altar of Cheibriados.
   920 | D:2      | Found a shattered altar of Ashenzari.
   922 | D:2      | Found an ancient bone altar of Kikubaaqudgha.
   922 | D:2      | Found a sacrificial altar of Ru.
   922 | D:2      | Found a sparkling altar of Nemelex Xobeh.
   922 | D:2      | Found a stormy altar of Qazlal.
  1253 | D:2      | Found a white marble altar of Elyvilon.
  1254 | D:2      | Found an oddly glowing altar of Pakellas.
  1256 | D:2      | Found a bloodstained altar of Trog.
  1552 | D:2      | Reached skill level 4 in Fighting
  1758 | D:2      | HP: 1/33 [poisoned by an adder]
  2221 | D:2      | Reached XP level 4. HP: 7/40 MP: 4/4
  2225 | D:2      | HP: 2/40 [poisoned by an adder]
  2228 | D:2      | Succumbed to an adder's poison

Skill      XL: |  1  2  3 |
---------------+----------+-----
Dodging        | 3 |  3.4
Fighting       | 4 |  4.2
Maces & Flails | |  3.5
Stealth        | |  0.4

Action                   |  1- 3 |  4- 6 || total
-------------------------+-------+-------++-------
Melee: Mace              |   116 |       ||   116
       Tailslap          |     9 |       ||     9
Invok: Berserk           |     2 |       ||     2
  Use: Scroll            |     4 |       ||     4
  Eat: Bread ration      |     1 |       ||     1
       Beef jerky        |     1 |       ||     1
Armor: Skin              |    41 |       ||    41
Dodge: Dodged            |   117 |       ||   117
